 Dungeon Crawl Stone Soup version 0.24.0-13-gcf9b3192b9 (webtiles) character file.

Game seed: 18144490370104955829, levelgen mode: deterministic

28 Masnef the Conjurer (level 3, 26/26 HPs)
             Began as a Centaur Conjurer on Nov 7, 2019.
             Quit the game on level 2 of the Dungeon.
             The game lasted 00:01:53 (1242 turns).

Masnef the Conjurer (Centaur Conjurer)              Turns: 1242, Time: 00:01:54

Health: 26/26      AC:  4    Str: 10    XL:     3   Next: 0%
Magic:  5/5        EV: 10    Int: 15    God:
Gold:   92         SH:  0    Dex:  9    Spells: 4/5 levels left

rFire    . . .     SeeInvis .     - Unarmed
rCold    . . .     Gourm    .   (no shield)
rNeg     . . .     Faith    .   a - +0 robe
rPois    .         Spirit   .   (no helmet)
rElec    .         Reflect  .   (no cloak)
rCorr    .         Harm     .   (no gloves)
MR       .....                  (no barding)
Stlth    +.........             (no amulet)
HPRegen  0.08/turn              (no ring)
MPRegen  0.09/turn              (no ring)

@: very quick
A: large, hooves 3, deformed body, speed 2, tough skin 3
a: no special abilities


You were on level 2 of the Dungeon.
You were not hungry.

You visited 1 branch of the dungeon, and saw 2 of its levels.

You collected 92 gold pieces.

Inventory:

Hand Weapons
 h - a +0 spear
Missiles
 l - 22 arrows
Armour
 a - a +0 robe (worn)
Scrolls
 b - 3 scrolls of teleportation {unknown}
 d - a scroll of random uselessness {unknown}
 g - 2 scrolls of magic mapping {unknown}
 i - 2 scrolls of immolation {unknown}
 j - a scroll of identify {unknown}
 m - a scroll of amnesia {unknown}
 o - a scroll of noise {unknown}
Potions
 e - a potion of heal wounds {unknown}
 f - a potion of haste {unknown}
 n - a potion of berserk rage {unknown}
Comestibles
 c - 3 rations
 k - 4 chunks of flesh


   Skills:
 + Level 1.6 Dodging
 - Level 1.1 Stealth
 + Level 1.5 Unarmed Combat
 - Level 1.5 Spellcasting
 + Level 4.0 Conjurations


You had 4 spell levels left.
You knew the following spells:

 Your Spells              Type           Power        Failure   Level  Hunger
a - Magic Dart            Conj           ##..         4%          1    ##.....

Your spell library contained the following spells:

 Spells                   Type           Power        Failure   Level  Hunger
 Searing Ray              Conj           ##....       7%          2    ###....
 Dazzling Spray           Conj/Hex       #.....       30%         3    ####...
 Iskenderun's Mystic Bla  Conj           ##......     41%         4    #####..
 Force Lance              Conj/Tloc      #.......     71%         4    #####..
 Fulminant Prism          Conj/Hex       #.........   71%         4    #####..


Dungeon Overview and Level Annotations

Branches:
Dungeon (2/15)

Altars:
Yredelemnul


Innate Abilities, Weirdness & Mutations

You have hooves in place of feet.
Armour fits poorly on your strangely shaped body.
You cover ground very quickly.
You have extremely tough skin. (AC +3)


Message History

Found 21 sling bullets.
You see here 21 sling bullets.
A rat comes into view.
Found a scroll labeled VOIFIAKHUFERE.
You closely miss the rat. You kick the rat, but do no damage.
The rat barely misses you.
You barely miss the rat. You kick the rat.
You kill the rat!
You have reached level 3!
Your experience leads to an increase in your attributes!
Increase (S)trength, (I)ntelligence, or (D)exterity?
You feel clever.
Found a stone staircase leading up.
o - a scroll labeled VOIFIAKHUFERE Quiver which item? (- for none, * to show all) (? for menu, Esc to quit)
Okay, then.
Okay, then.
Are you sure you want to abandon this character and quit the game? (Confirm with "yes".)
Okay, then.
Are you sure you want to abandon this character and quit the game? (Confirm with "yes".)

#.#..... #.###.##
######.. .# #...####
#### #..†# #... #...#
#.## ####...######.#
#########..........##.#
#<.....@..##.......##(##
############.......##.#.
.............#.
###.......##.._
#.....#....#.
#####...###..
#........###.
#............
#.......(...#


There were no monsters in sight!

Vanquished Creatures
  An ooze (D:2)
  A dart slug (D:1)
  4 bats
  A giant cockroach (D:2)
  A quokka (D:2)
  5 frilled lizards
  5 goblins
  3 kobolds
  4 rats
25 creatures vanquished.

Notes
Turn   | Place    | Note
-------+----------+-------------------------------------------
     0 | D:1      | Masnef the Centaur Conjurer began the quest for the Orb.
     0 | D:1      | Reached XP level 1. HP: 14/14 MP: 3/3
   464 | D:1      | Reached skill level 1 in Unarmed Combat
   470 | D:1      | Reached XP level 2. HP: 15/20 MP: 4/4
  1112 | D:2      | Reached skill level 4 in Conjurations
  1189 | D:2      | Found a basalt altar of Yredelemnul.
  1233 | D:2      | Reached XP level 3. HP: 26/26 MP: 5/5
  1242 | D:2      | Quit the game

Levels and vault maps discovered:
D:1:      lightli_arrival_flooded_house, layout_basic,
          minmay_misc_feat_nine_boxes
D:2:      layout_basic, lemuel_crystal_altar

Skill      XL: |  1  2 |
---------------+-------+-----
Unarmed Combat | 1 |  1.5
Conjurations   | 4 |  4.0
Dodging        | |  1.6
Stealth        | |  1.1
Spellcasting   | |  1.5

Action                   || total
-------------------------++-------
Melee: Unarmed           ||    90
       Kick              ||    18
Armor: Robe              ||    37
Dodge: Dodged            ||    39
